 Dungeon Crawl Stone Soup version 0.22.1-2-g9c5b331 (webtiles) character file.

354 teukkam the Skirmisher (level 6, -5/56 HPs)
             Began as a Minotaur Fighter on Nov 16, 2018.
             Was a Believer of Wu Jian.
             Slain by a wyvern (10 damage)
             ... on level 5 of the Dungeon.
             The game lasted 00:10:58 (3308 turns).

teukkam the Skirmisher (Minotaur Fighter)           Turns: 3308, Time: 00:10:59

Health: -5/56      AC:  9    Str: 22    XL:     6   Next: 35%
Magic:  5/5        EV: 11    Int:  5    God:    Wu Jian [**....]
Gold:   221        SH:  0    Dex: 10    Spells: 5/5 levels left

rFire    . . .     SeeInvis .   a - +0 war axe
rCold    . . .     Gourm    .   (no shield)
rNeg     . . .     Faith    .   p - +0 chain mail
rPois    .         Spirit   .   (helmet restricted)
rElec    .         Reflect  .   (no cloak)
rCorr    .         Harm     .   (no gloves)
MR       .....                  (no boots)
Stlth    ..........             (no amulet)
HPRegen  0.18/turn              y - +3 ring of evasion
MPRegen  0.09/turn              (no ring)

@: no status effects
A: retaliatory headbutt, horns 2
a: Wall Jump, Renounce Religion


You were on level 5 of the Dungeon.
You worshipped Wu Jian.
Wu Jian was pleased with you.
You were not hungry.

You visited 1 branch of the dungeon, and saw 5 of its levels.

You collected 221 gold pieces.

Inventory:

Hand Weapons
 a - a +0 war axe (weapon)
 b - a +0 shortbow
Missiles
 i - 34 bolts
 j - 26 arrows
 l - 142 stones (quivered)
 t - 14 poisoned needles
Armour
 c - a +0 shield
 g - a +0 scale mail
 p - a +0 chain mail (worn)
Jewellery
 y - a +3 ring of evasion (left hand)
Scrolls
 e - 6 scrolls of remove curse
 k - a scroll of teleportation {unknown}
 m - 2 scrolls of identify {unknown}
 n - a scroll of random uselessness {unknown}
 o - a scroll of amnesia
 r - a scroll of enchant weapon {unknown}
 s - 2 scrolls of blinking {unknown}
 u - 2 scrolls of enchant armour {unknown}
 w - a scroll of fog {unknown}
Potions
 d - 2 potions of might
 h - 2 potions of brilliance {unknown}
 q - a potion of haste {unknown}
 v - a potion of degeneration {unknown}
 x - a potion of agility {unknown}
 A - a potion of magic {unknown}
 B - a potion of flight {unknown}
 C - 2 potions of curing {unknown}
Comestibles
 f - 7 rations


   Skills:
 + Level 5.2 Fighting
 + Level 4.4 Axes
 + Level 1.5 Bows
 + Level 5.1 Armour
 + Level 5.2 Shields


You had 5 spell levels left.
You didn't know any spells.
Your spell library contained the following spells:

 Spells                   Type           Power        Failure   Level  Hunger
 Animate Skeleton         Necr           N/A          99%         1    ##.....
 Apportation              Tloc           #.....       99%         1    ##.....
 Confusing Touch          Hex            #.....       99%         1    ##.....
 Summon Small Mammal      Summ           #...         99%         1    ##.....


Dungeon Overview and Level Annotations

Branches:
Dungeon (5/15)             Temple (0/1) D:5

Altars:
Gozag
Okawaru
Wu Jian


Innate Abilities, Weirdness & Mutations

You reflexively headbutt those who attack you in melee.
You have a pair of horns on your head.


Message History

The hound skeleton closely misses you.
You spin and attack the wyvern.
You barely miss the wyvern. You headbutt the wyvern.
The wyvern is heavily wounded.
The wyvern closely misses you.
You spin and attack the wyvern.
You hit the wyvern.
The wyvern is severely wounded.
The wyvern barely misses you. The wyvern bites you.
* * * LOW HITPOINT WARNING * * *
The hound skeleton closely misses you.
You attack the wyvern from above.
You closely miss the wyvern.
The wyvern is severely wounded.
The wyvern bites you.
* * * LOW HITPOINT WARNING * * *
The wyvern barely misses you. The hound skeleton barely misses you.
You furiously retaliate!
You headbutt the hound skeleton!
You destroy the hound skeleton!
The Council accepts your kill. The wyvern bites you!
You die...

.......#...#
....... ...#
⌠..(⌠..##..#
.......#.!.# #.#
..>...(..†.# #.#
.......###.###.#
⌠...⌠..#.....#.#
.........#.#§#.#
.......###.#@#.#
##.##.####hl§#.##
#.. #...........#
#. ##.####.#...#
#.....# ##....#
#.#.## #.#.#
#.#.#


You could see a wyvern (pinned) and a hound.

Vanquished Creatures
  A centaur (D:4)
  A howler monkey (D:4)
  An iguana (D:4)
  A worker ant (D:4)
  A hound skeleton (D:5)
  Robin (D:3)
  7 adders
  An ooze (D:4)
  A worm (D:2)
  A dart slug (D:4)
  A leopard gecko (D:3)
  An orc (D:3)
  6 giant cockroaches
  16 goblins
  9 hobgoblins
  6 jackals
  3 quokkas
  2 ball pythons
  7 bats
  3 frilled lizards
  11 kobolds
  9 rats
90 creatures vanquished.

Notes
Turn   | Place    | Note
-------+----------+-------------------------------------------
     0 | D:1      | teukkam the Minotaur Fighter began the quest for the Orb.
     0 | D:1      | Reached XP level 1. HP: 19/19 MP: 0/0
    70 | D:1      | Reached XP level 2. HP: 26/27 MP: 1/1
   218 | D:4      | Noticed a howler monkey
   221 | D:4      | Killed a howler monkey
   221 | D:4      | Reached XP level 3. HP: 33/33 MP: 2/2
   243 | D:4      | Reached XP level 4. HP: 36/41 MP: 3/3
   486 | D:5      | Entered Level 5 of the Dungeon
   564 | D:5      | Noticed a centaur
   564 | D:5      | Noticed a wyvern
   570 | D:4      | Killed a centaur
   570 | D:4      | Reached XP level 5. HP: 34/47 MP: 4/4
   731 | D:4      | Found an ornate altar of the Wu Jian Council.
   736 | D:4      | Became a worshipper of the Wu Jian Council
   806 | D:2      | Found an iron altar of Okawaru.
  1527 | D:1      | Reached * piety under Wu Jian
  1892 | D:2      | Reached skill level 5 in Fighting
  1992 | D:2      | Reached skill level 1 in Bows
  1992 | D:2      | Reached skill level 5 in Shields
  2059 | D:2      | Found an opulent altar of Gozag.
  2072 | D:2      | Reached skill level 5 in Armour
  2429 | D:3      | Noticed Robin
  2446 | D:3      | Reached XP level 6. HP: 52/56 MP: 5/5
  2465 | D:3      | Killed Robin
  2477 | D:3      | Reached ** piety under Wu Jian
  3292 | D:5      | Found a staircase to the Ecumenical Temple.
  3308 | D:5      | Slain by a wyvern

Skill      XL: |  1  2  3  4  5 |
---------------+----------------+-----
Fighting       | 4 5 |  5.2
Armour         | 4 5 |  5.1
Shields        | 4 5 |  5.2
Axes           | 3 4 |  4.4
Bows           | 1 |  1.5

Action                   |  1- 3 |  4- 6 || total
-------------------------+-------+-------++-------
Melee: War axe           |    30 |   134 ||   164
       Headbutt          |     2 |    24 ||    26
 Fire: Shortbow          |       |    61 ||    61
Invok: Whirlwind         |       |    52 ||    52
       Lunge             |       |     9 ||     9
       Wall Jump         |       |     6 ||     6
  Use: Scroll            |     2 |       ||     2
  Eat: Chunk             |       |     7 ||     7
       Ration            |       |     1 ||     1
Armor: Scale mail        |    19 |    18 ||    37
       Chain mail        |       |    62 ||    62
Dodge: Dodged            |    10 |    79 ||    89
Block: Shield            |    13 |     5 ||    18
